 Dungeon Crawl Stone Soup version 0.16.2-12-gd0ad4c3 (webtiles) character file.

585 faibistes the Magician (level 7, -4/37 HPs)
             Began as a Deep Elf Wizard on Apr 1, 2019.
             Slain by an iguana (12 damage)
             ... on level 5 of the Dungeon.
             The game lasted 00:14:26 (5591 turns).

faibistes the Magician (Deep Elf Wizard)            Turns: 5591, Time: 00:14:27

Health: -4/37      AC:  3    Str:  4    XL:     7   Next: 15%
Magic:  10/25      EV: 14    Int: 25    God:
Gold:   237        SH:  0    Dex: 13    Spells: 6 memorised, 7 levels left

rFire  . . .     SeeInvis .     w - +2 dagger (flame)
rCold  . . .     Clarity  .     a - +0 robe
rNeg   . . .     SustAb   .     (no shield)
rPois  .         Gourm    .     b - +0 hat
rElec  .         Spirit   .     (no cloak)
rCorr  .         Warding  .     (no gloves)
rMut   .         Stasis   .     x - +0 pair of boots
MR     .....                    (no amulet)
Stlth  ++........               (no ring)
                                (no ring)

@: repel missiles, not resistant to hostile enchantments, unstealthy
A: no striking features
a: no special abilities


You were on level 5 of the Dungeon.
You were not hungry.

You visited 1 branch of the dungeon, and saw 5 of its levels.
You also visited: Sewer.

You collected 237 gold pieces.

Inventory:

Hand weapons
 f - a +0 short sword of freezing
 w - a +2 dagger of flaming (weapon)
Armour
 a - a +0 robe (worn)
 b - a +0 hat (worn)
 x - a +0 pair of boots (worn)
Magical devices
 k - a wand of teleportation (3)
 u - a wand of invisibility (3)
Scrolls
 h - a scroll of recharging
 j - a scroll of noise {unknown}
 n - a scroll of fog
 p - a scroll of teleportation
 r - a scroll of random uselessness {unknown}
 s - a scroll of vulnerability {unknown}
 t - a scroll of amnesia {unknown}
 v - a scroll of remove curse
 y - a scroll of magic mapping {unknown}
 B - a scroll of enchant armour {unknown}
Potions
 e - a potion of degeneration {unknown}
 i - 2 potions of cure mutation
 m - 3 potions of curing
 o - 2 potions of brilliance {unknown}
 q - 5 potions of flight
 z - a potion of heal wounds {unknown}
Books
 c - a book of Minor Magic

   Spells                             Type                      Level
   a - Magic Dart                     Conjuration                  1
   b - Blink                          Translocation                2
   c - Call Imp                       Summoning                    2
   d - Repel Missiles                 Charms/Air                   2
   e - Slow                           Hexes                        2
   f - Conjure Flame                  Conjuration/Fire             3
   g - Mephitic Cloud                 Conjuration/Poison/Air       3
Comestibles
 d - a bread ration
 g - 2 slices of pizza
 l - 2 beef jerkies
 A - 5 chunks of flesh


   Skills:
 * Level 0.4 Fighting
 + Level 5.1 Dodging
 - Level 2.4 Stealth
 * Level 7.4 Spellcasting
 - Level 3.8 Conjurations
 - Level 1.1 Summonings
 - Level 3.4 Translocations
 + Level 0.2 Evocations


You had 7 spell levels left.
You knew the following spells:

 Your Spells              Type           Power        Failure   Level  Hunger
a - Magic Dart            Conj           ####         1%          1    None
b - Conjure Flame         Conj/Fire      ###.....     12%         3    None
c - Call Imp              Summ           ##......     10%         2    None
d - Blink                 Tloc           N/A          2%          2    None
e - Mephitic Cloud        Conj/Pois/Air  ###.....     12%         3    None
f - Repel Missiles        Chrm/Air       #.....       12%         2    None


Dungeon Overview and Level Annotations

Branches:
Dungeon (5/15)
 Temple: D:4-7

Altars:
Elyvilon
Qazlal


Message History

Aim: a bat (heavily wounded)
The magic dart hits the bat.
You kill the bat!
Some of the chunks of flesh in your inventory have rotted away.
You see here a bat corpse.
You butcher the bat corpse.
You see here a chunk of flesh.
A - 5 chunks of flesh (gained 1)
Found 18 gold pieces.
Found 20 stones.
An iguana and an orc come into view.
Found three items.
Found a stone staircase leading up.
An orc comes into view. It is wielding a short sword.
Found 14 gold pieces.
The iguana hisses angrily.
A giant gecko comes into view.
The iguana bites you!
* * * LOW HITPOINT WARNING * * *
You barely miss the orc. The orc misses you. The iguana bites you!
You die...

#.# .. #.# .... #.
#S##...# ... #.##...#
..## #.##$#%# #...
#.##.#.##..#
#.##......#
#.##....l###.##l..
#..#....S@o.....#
#######.#....####...##
............### .#
...........########
........#..........
........#.........o
###....#..$......
#.#######..?... #(
#....$


You could see a water moccasin, an iguana, an orc and a giant gecko.

Vanquished Creatures
  Prince Ribbit (D:4)
  An ogre (D:4)
  A crimson imp (D:5)
  Natasha (thrice) (D:3)
  Ijyb (D:3)
  9 adders
  A giant mite (Sewer)
  4 worms (Sewer)
  5 giant geckos
  8 oozes
  3 orcs
  2 giant cockroaches
  13 hobgoblins
  11 jackals
  A quokka (D:3)
  3 ball pythons
  15 bats
  7 goblins (D:1)
  8 kobolds
  6 rats
103 creatures vanquished.

Vanquished Creatures (collateral kills)
  An adder (D:3)
  A giant mite (D:2)
  A giant gecko (Sewer)
  An orc (D:3)
  3 giant cockroaches
  A hobgoblin (D:1)
  5 jackals (D:1)
  A kobold (D:1)
  2 bats
16 creatures vanquished.

Grand Total: 119 creatures vanquished

Notes
Turn   | Place    | Note
--------------------------------------------------------------
     0 | D:1      | faibistes, the Deep Elf Wizard, began the quest for the Orb.
     0 | D:1      | Reached XP level 1. HP: 10/10 MP: 6/6
   370 | D:1      | Reached XP level 2. HP: 15/15 MP: 4/10
   392 | D:1      | Learned a level 2 spell: Blink
   395 | D:1      | Learned a level 2 spell: Call Imp
   880 | D:1      | You fall through a shaft!
  1045 | D:2      | Reached XP level 3. HP: 19/19 MP: 10/13
  1058 | D:1      | Learned a level 3 spell: Conjure Flame
  1062 | D:1      | Learned a level 3 spell: Mephitic Cloud
  1188 | D:1      | Reached skill level 5 in Spellcasting
  1698 | D:3      | Noticed Natasha
  1707 | D:3      | Killed Natasha
  1707 | D:3      | Reached XP level 4. HP: 7/24 MP: 14/17
  1718 | D:3      | Learned a level 2 spell: Repel Missiles
  1801 | D:3      | Noticed Natasha
  1806 | D:3      | Killed Natasha
  1979 | D:3      | Found a glowing drain.
  2352 | D:3      | Noticed Natasha
  2353 | Sewer    | Entered a sewer
  2622 | Sewer    | Reached XP level 5. HP: 28/28 MP: 14/20
  3175 | Sewer    | Reached skill level 6 in Spellcasting
  3532 | D:3      | Killed Natasha
  4389 | D:2      | Found a white marble altar of Elyvilon.
  4723 | D:3      | Noticed Ijyb
  4735 | D:3      | Killed Ijyb
  5276 | D:3      | Found a stormy altar of Qazlal.
  5326 | D:4      | Reached XP level 6. HP: 32/32 MP: 18/22
  5380 | D:4      | Noticed an ogre
  5383 | D:4      | Killed an ogre
  5389 | D:4      | Noticed Prince Ribbit
  5402 | D:4      | Killed Prince Ribbit
  5402 | D:4      | Reached skill level 5 in Dodging
  5402 | D:4      | Reached skill level 7 in Spellcasting
  5402 | D:4      | Reached XP level 7. HP: 36/36 MP: 6/25
  5533 | D:5      | Entered Level 5 of the Dungeon
  5591 | D:5      | Slain by an iguana

Action                   |  1- 3 |  4- 6 |  7- 9 || total
-------------------------+-------+-------+-------++-------
Melee: Dagger            |     6 |    29 |     3 ||    38
 Cast: Magic Dart        |    80 |   144 |    13 ||   237
       Call Imp          |     7 |     8 |       ||    15
       Mephitic Cloud    |     1 |    10 |     2 ||    13
       Blink             |       |     8 |     1 ||     9
       Repel Missiles    |       |     1 |       ||     1
       Conjure Flame     |       |     4 |     3 ||     7
  Use: Scroll            |     5 |     6 |       ||    11
 Stab: Confused          |       |     4 |       ||     4
       Sleeping          |       |     1 |       ||     1
  Eat: Chunk             |     2 |    12 |       ||    14
